 Dungeon Sprint DCSS version 0.27-a0-604-g29a88b33a7 (webtiles) character file.

Game seed: 3328000846773059255

895 mhtbhm the Cleaver (level 7, -2/72 HPs)
             Began as a Minotaur Fighter on Mar 13, 2021.
             Was a High Priest of Trog.
             Slain by a snapping turtle (16 damage)
             ... in the Dungeon (Sprint VII: "The Pits").
             The game lasted 00:02:11 (742 turns).

mhtbhm the Cleaver (Minotaur Fighter)                Turns: 742, Time: 00:02:12

Health: -2/72      AC: 14    Str: 22    XL:     7   Next: 78%
Magic:  6/6        EV:  8    Int:  5    God:    Trog [*****.]
Gold:   0          SH: 12    Dex: 10    Spells: 6/6 levels left

rFire    . . .     SeeInvis .   a - +2 hand axe
rCold    . . .     Faith    .   c - +0 kite shield
rNeg     . . .     Spirit   .   b - +3 chain mail
rPois    .         Reflect  .   (helmet restricted)
rElec    .         Harm     .   (no cloak)
rCorr    .         Rampage  .   (no gloves)
Will     .....     NoTele   +   (no boots)
Stlth    ..........             (no amulet)
HPRegen  0.22/turn              (no ring)
MPRegen  0.10/turn              (no ring)

@: berserk cooldown, slowed, very slow
A: horns 2, retaliatory headbutt
a: Renounce Religion, Berserk, Trog's Hand, Brothers in Arms


You were in the Dungeon.
You worshipped Trog.
Trog was extremely pleased with you.
You visited 1 branch

Inventory:

Hand Weapons
 a - a +2 hand axe (weapon)
Armour
 b - a +3 chain mail (worn)
 c - a +0 kite shield (worn)
Scrolls
 j - a scroll of blinking
 l - a scroll of summoning
Potions
 d - a potion of might
 e - 3 potions of curing
 f - 5 potions of heal wounds
 g - a potion of haste
 h - 4 potions of magic
 i - 3 potions of berserk rage
 k - 2 potions of invisibility


   Skills:
 + Level 10.2 Fighting
 + Level 11.7 Axes
 + Level 9.4 Armour
 + Level 4.6 Dodging
 + Level 0.3 Stealth
 + Level 10.1 Shields


You had 6 spell levels left.
You didn't know any spells.
Your spell library was empty.

Dungeon Overview and Level Annotations

Branches:
Dungeon (1/1)

Altars:
Cheibriados
Dithmenos
Elyvilon
Fedhas
Gozag
Hepliaklqana
Makhleb
Nemelex Xobeh
Okawaru
Qazlal
Ru
Sif Muna
Trog
Vehumet
Wu Jian
Xom
Yredelemnul
Zin
The Shining One
Beogh
Jiyva
Lugonu


Innate Abilities, Weirdness & Mutations

You have a pair of horns on your head.
You reflexively headbutt those who attack you in melee.


Message History

The soldier ant is severely wounded.
The snapping turtle bites you from afar.
You slash the soldier ant!
You headbutt the soldier ant, but do no damage.
The soldier ant is almost dead.
The soldier ant barely misses you.
You completely miss the soldier ant.
The soldier ant is almost dead.
You block the snapping turtle's attack.
The soldier ant stings you but does no damage.
Unknown command.
You closely miss the soldier ant.
The soldier ant is almost dead.
The snapping turtle bites you from afar!!
* * * LOW HITPOINT WARNING * * *
You slash the soldier ant!
You kill the soldier ant!
Trog accepts your kill.
Your Shields skill increases to level 10!
The snapping turtle bites you but does no damage.
You see here a soldier ant corpse.
You hit the snapping turtle but do no damage.
You headbutt the snapping turtle.
The snapping turtle is severely wounded.
You slash the snapping turtle! You headbutt the snapping turtle!
The snapping turtle is almost dead.
The snapping turtle bites you!
* * * LOW HITPOINT WARNING * * *
Unknown command.
You hit the snapping turtle but do no damage.
The snapping turtle is almost dead.
The snapping turtle bites you but does no damage.
Your shield and chain mail prevent you from hitting the snapping turtle.
The snapping turtle is almost dead.
You hit the snapping turtle.
The snapping turtle is almost dead.
You are no longer berserk.
You are exhausted.
You feel yourself slow down. The snapping turtle bites you!
You die...

#.#........##.......#
#.#........##.......#
#'###########.......#
#...†...#.. #########
#.###...#.######
#.#.....#†#....#
#.#...#.#'#....#
#..†..#.#.†.t..+
#...###.#)#@...#
#.......'.#....#
################


You could see a snapping turtle.

Vanquished Creatures
  A soldier ant (D)
  A water moccasin (D)
  2 floating eyes (D)
  A black bear (D)
  A sky beast (D)
  An ogre (D)
  A necrophage (D)
  A scorpion (D)
  A crimson imp (D)
  A worker ant (D)
  A gnoll (D)
  An ufetubus (D)
  An ooze (D)
  2 leopard geckos (D)
  2 ball pythons (D)
  A bat (D)
  A goblin (D)
  2 quokkas (D)
  A giant cockroach zombie (D)
23 creatures vanquished.

Notes
Turn   | Place    | Note
-------+----------+-------------------------------------------
     0 | D        | mhtbhm the Minotaur Fighter began the quest for the Orb.
     0 | D        | Reached XP level 1. HP: 19/19 MP: 0/0
    18 | D        | Found a bloodstained altar of Trog.
    18 | D        | Found a shimmering blue altar of Sif Muna.
    18 | D        | Found a viscous altar of Jiyva.
    18 | D        | Found a hazy altar of Hepliaklqana.
    18 | D        | Found an opulent altar of Gozag.
    19 | D        | Found a glowing golden altar of the Shining One.
    19 | D        | Found a glowing silver altar of Zin.
    19 | D        | Found a basalt altar of Yredelemnul.
    19 | D        | Found a shimmering altar of Xom.
    19 | D        | Found an ornate altar of the Wu Jian Council.
    19 | D        | Found a sacrificial altar of Ru.
    19 | D        | Found a stormy altar of Qazlal.
    19 | D        | Found an iron altar of Okawaru.
    19 | D        | Found a sparkling altar of Nemelex Xobeh.
    19 | D        | Found a burning altar of Makhleb.
    19 | D        | Found a blossoming altar of Fedhas.
    19 | D        | Found a white marble altar of Elyvilon.
    19 | D        | Found a shadowy altar of Dithmenos.
    19 | D        | Found a snail-covered altar of Cheibriados.
    22 | D        | Found a corrupted altar of Lugonu.
    22 | D        | Found a radiant altar of Vehumet.
    23 | D        | Became a worshipper of Trog the Wrathful
    61 | D        | Noticed a floating eye
    61 | D        | Noticed a worker ant
    63 | D        | Paralysed by a floating eye for 2 turns
    69 | D        | Killed a floating eye
    70 | D        | Reached skill level 4 in Axes
    70 | D        | Reached XP level 2. HP: 25/31 MP: 1/1
    70 | D        | Reached XP level 3. HP: 31/38 MP: 2/2
    70 | D        | Reached XP level 4. HP: 36/45 MP: 3/3
    74 | D        | Reached skill level 5 in Axes
    80 | D        | Reached * piety under Trog
   168 | D        | Noticed a floating eye
   178 | D        | Reached ** piety under Trog
   179 | D        | Reached XP level 5. HP: 46/52 MP: 4/4
   184 | D        | Killed a floating eye
   185 | D        | Reached skill level 7 in Axes
   185 | D        | Reached skill level 1 in Dodging
   275 | D        | Reached *** piety under Trog
   282 | D        | Reached XP level 6. HP: 50/62 MP: 5/5
   352 | D        | Reached skill level 9 in Axes
   357 | D        | Reached **** piety under Trog
   361 | D        | Noticed a water moccasin
   373 | D        | Killed a water moccasin
   578 | D        | Reached skill level 10 in Axes
   578 | D        | Reached XP level 7. HP: 65/70 MP: 6/6
   622 | D        | Reached skill level 11 in Axes
   625 | D        | Reached skill level 10 in Fighting
   626 | D        | Reached ***** piety under Trog
   709 | D        | Noticed a snapping turtle
   737 | D        | Reached skill level 10 in Shields
   742 | D        | Slain by a snapping turtle

Illustrated notes

Levels and vault maps discovered:
D:        pitsprint [storerooms_1, entrance_room_1, metal_vault_3, armoury_2,
          mini_pit_1, grid_room_1, main_hall_1, silver_pit, the_coven_3,
          the_vestibule_1, steel_vault_5, golden_pit, hallway_of_sentries,
          crystal_vault_1, iron_vault_1, final_vault]

Skill      XL: |  1  2  3  4  5  6  7 |
---------------+----------------------+-----
Fighting       | 6 7 8 9 10 | 10.2
Axes           | 4 5 7 10 11 | 11.7
Armour         | 6 7 8 9 |  9.4
Shields        | 6 7 8 9 10 | 10.1
Dodging        | 1 3 4 |  4.6
Stealth        | |  0.3

Action                   |  1- 3 |  4- 6 |  7- 9 || total
-------------------------+-------+-------+-------++-------
Melee: Hand axe          |     6 |    50 |    49 ||   105
       Headbutt          |       |     8 |     9 ||    17
Invok: Berserk           |       |       |     1 ||     1
  Use: Potion            |     1 |     1 |     2 ||     4
Armor: Scale mail        |     1 |     8 |       ||     9
       Chain mail        |       |     8 |    31 ||    39
Dodge: Dodged            |     2 |    12 |    11 ||    25
Block: Kite shield       |     4 |    35 |    21 ||    60

Table legend: (Time is in decaauts)
 A = Elapsed time spent in this place.
 B = Non-inter-level travel time spent in this place.
 C = Inter-level travel time spent in this place.
 D = Time resting spent in this place.
 E = Time spent auto-exploring this place.
 F = Levels seen in this place.
 G = Mean time per level.
                   A        B        C        D        E       F      G
               +--------+--------+--------+--------+--------+-----+--------+
         Total |    738 |    738 |      0 |    437 |     47 |   1 |  738.0 |
       Dungeon |    738 |    738 |      0 |    437 |     47 |   1 |  738.0 |
               +--------+--------+--------+--------+--------+-----+--------+

Top non-repeatable levels by time:
       D: 738 daAuts
